 Dungeon Crawl Stone Soup version 0.29-a0-234-g0dae59b3db (webtiles) character file.

Game seed: 18421521381807735318

1390 sammy202020 the Skirmisher (level 8, 0/96 HPs)
             Began as a Demonspawn Berserker on Mar 3, 2022.
             Was a Priest of Trog.
             Slain by an unseen horror (5 damage)
             ... on level 6 of the Dungeon.
             The game lasted 00:08:23 (4476 turns).

sammy202020 the Skirmisher (Demonspawn Berserker)   Turns: 4476, Time: 00:08:24

Health: 0/96       AC: 14    Str: 19    XL:     8   Next: 40%
Magic:  8/8        EV:  9    Int: 10    God:    Trog [***...]
Gold:   368        SH:  0    Dex: 12    Spells: 7/7 levels left

rFire   . . .      SeeInvis .   o - +0 battleaxe (drain)
rCold   . . .      Faith    .   (shield currently unavailable)
rNeg    . . .      Spirit   .   l - +1 plate armour
rPois   .          Reflect  .   (helmet restricted)
rElec   .          Harm     .   (no cloak)
rCorr   .          Rampage  .   (no gloves)
Will    +....                   j - +0 pair of boots
Stlth   ..........              d - amulet of regeneration
HPRegen 1.06/turn               h - ring of willpower
MPRegen 0.11/turn               (no ring)

@: berserking (expiring), very quick
A: horns 1, repulsion field 1, demonic magic 2
a: Renounce Religion, Berserk, Trog's Hand


You were on level 6 of the Dungeon.
You worshipped Trog.
Trog was most pleased with you.
You visited 1 branch of the dungeon, and saw 6 of its levels.

You collected 368 gold pieces.

Inventory:

Hand Weapons
 o - a +0 battleaxe of draining (weapon)
 p - a +0 antimagic flail
Missiles
 r - 4 poisoned darts (quivered)
Armour
 j - a +0 pair of boots (worn)
 l - a +1 plate armour (worn)
Jewellery
 d - an amulet of regeneration (around neck)
 h - a ring of willpower (left hand)
 i - an amulet of magic regeneration
 k - a ring of ice
Wands
 e - a wand of mindburst (7)
 n - a wand of iceblast (9)
 q - a wand of acid (7)
 t - a wand of flame (28)
Scrolls
 f - a scroll of enchant weapon {unknown}
Potions
 a - 3 potions of attraction
 b - a potion of ambrosia
 c - a potion of degeneration
 g - 3 potions of might
 m - a potion of cancellation {unknown}
 s - 3 potions of curing {unknown}


   Skills:
 + Level 6.0 Fighting
 + Level 3.4(4.3) Axes
 - Level 3.9(4.5) Maces & Flails
 + Level 5.0 Armour
 + Level 5.0 Dodging


You had 7 spell levels left.
You didn't know any spells.
Your spell library was empty.

Dungeon Overview and Level Annotations

Branches:
Dungeon (6/15)             Temple (0/1) D:4

Altars:


Innate Abilities, Weirdness & Mutations

You have a pair of small horns on your head.
You are surrounded by a mild repulsion field. (EV +2)
Spells you cast may paralyse nearby enemies.


Message History

Something hits you but does no damage.
Something hits you but does no damage. x2
Something hits you but does no damage. Something hits you.
Something hits you. x2
Something hits you but does no damage. Something hits you.
Something hits you but does no damage. x2
There is a stone staircase leading down, spattered with blood here.
Something hits you!
* * * LOW HITPOINT WARNING * * *
Something hits you but does no damage. Something hits you but does no damage.
Something hits you.
* * * LOW HITPOINT WARNING * * *
You see here a necrophage corpse.
Something hits you but does no damage. Something completely misses you.
Something hits you.
* * * LOW HITPOINT WARNING * * *
Something hits you but does no damage. Something hits you.
* * * LOW HITPOINT WARNING * * *
Something hits you but does no damage. Something hits you.
* * * LOW HITPOINT WARNING * * *
A red film seems to cover your vision as you go berserk!
You feel yourself moving faster!
You feel mighty!
Something hits you but does no damage. x2
You closely miss something. Your headbutt misses something.
Something hits you but does no damage. Something hits you but does no damage.
Something hits you.
* * * LOW HITPOINT WARNING * * *
Something hits you but does no damage.
You feel a strong urge to attack something.
Something hits you.
* * * LOW HITPOINT WARNING * * *
You closely miss something. Your headbutt misses something. Something hits you.
* * * LOW HITPOINT WARNING * * *
Something hits you.
You die...

..........# #..##
........).####################..#
#....#†.))...........<.........
#..#########################
##..### ##...### ###########
###...## #.........#
###..#####.........#
#......@##...>.....#
#.....#....†.......#
#.....###..........#
.....................#
###.....####.........# #.....#
#.........# #.<...# #.........#
####### ###########


There were no monsters in sight!

Vanquished Creatures
  Edmund (D:5)
  An ice beast (D:5)
  A black bear (D:4)
  A centaur (D:6)
  A phantom (D:6)
  2 scorpions
  Blork the orc (D:4)
  4 necrophages
  5 wights (D:6)
  A hound (D:4)
  An orc priest (D:3)
  An iguana (D:5)
  A gnoll (D:1)
  7 adders
  A worm (D:2)
  2 dart slugs
  11 orcs
  10 ball pythons
  6 endoplasms
  4 giant cockroaches
  7 goblins
  10 hobgoblins
  7 jackals (D:4)
  8 kobolds
  A quokka (D:3)
  7 bats
  5 frilled lizards
  2 rats
109 creatures vanquished.

Vanquished Creatures (others)
  2 plants (D:3)
2 creatures vanquished.

Grand Total: 111 creatures vanquished

Notes
Turn   | Place    | Note
-------+----------+-------------------------------------------
     0 | D:1      | sammy202020 the Demonspawn Berserker began the quest for
                  | the Orb.
     0 | D:1      | Reached XP level 1. HP: 18/18 MP: 1/1
   345 | D:1      | Gained mutation: You are surrounded by a mild repulsion
                  | field. (EV +2) [demonic ancestry]
   345 | D:1      | Reached XP level 2. HP: 18/24 MP: 2/2
  1056 | D:1      | Reached XP level 3. HP: 29/29 MP: 3/3
  1780 | D:2      | Reached ** piety under Trog
  1993 | D:2      | Reached XP level 4. HP: 35/35 MP: 4/4
  2413 | D:3      | Noticed a necrophage
  2429 | D:3      | Killed a necrophage
  2430 | D:3      | Gained mutation: Spells you cast may paralyse adjacent
                  | enemies. [demonic ancestry]
  2430 | D:3      | Reached XP level 5. HP: 40/42 MP: 5/5
  2460 | D:3      | Reached skill level 4 in Fighting
  2568 | D:3      | Reached XP level 6. HP: 46/48 MP: 6/6
  2673 | D:3      | Found a faded altar of an unknown god.
  2738 | D:4      | Noticed Blork the orc
  2749 | D:4      | Killed Blork the orc
  3065 | D:4      | Reached skill level 1 in Axes
  3069 | D:4      | Found a staircase to the Ecumenical Temple.
  3083 | D:4      | Gained mutation: Spells you cast may paralyse nearby
                  | enemies. [demonic ancestry]
  3083 | D:4      | Reached XP level 7. HP: 51/55 MP: 7/7
  3468 | D:5      | Entered Level 5 of the Dungeon
  3850 | D:5      | Reached *** piety under Trog
  3851 | D:5      | Reached skill level 5 in Fighting
  3971 | D:5      | Noticed Edmund
  3983 | D:5      | Killed Edmund
  4203 | D:6      | Gained mutation: You have a pair of small horns on your
                  | head. [demonic ancestry]
  4203 | D:6      | Reached XP level 8. HP: 48/62 MP: 8/8
  4453 | D:6      | Reached skill level 6 in Fighting
  4453 | D:6      | Reached skill level 5 in Armour
  4453 | D:6      | Reached skill level 5 in Dodging
  4475 | D:6      | HP: 4/96 [something (6)]
  4476 | D:6      | Slain by an unseen horror

Illustrated notes

Levels and vault maps discovered:
D:1:      saegor_arrival_simple_a, layout_basic, minmay_cut_off
D:2:      layout_loops_ring
D:3:      layout_rooms, shapermc_ecumenical_altar_acropolis
D:4:      layout_loops_ring, minmay_temple_entry_nine_rooms,
          minmay_misc_feat_nine_boxes, uniq_blork_the_orc
D:5:      layout_basic, kennysheep_cross_room, uniq_edmund
D:6:      layout_rooms, mainiacjoe_overflow_alcove_4, dancing_weapons_uskayaw,
          minmay_a_box_with_orc_wizards_in_it, uniq_pikel

Skill      XL: |  1  2  3  4  5  6  7  8 |
---------------+-------------------------+-----
Armour         | 2 3 4 5 |  5.0
Dodging        | 2 3 4 5 |  5.0
Maces & Flails | 3 |  3.9
Fighting       | 4 5 6 |  6.0
Axes           | 1 2 3 |  3.4

Action                   |  1- 3 |  4- 6 |  7- 9 || total
-------------------------+-------+-------+-------++-------
Melee: Mace              |   111 |   136 |       ||   247
       Punch             |     1 |     1 |       ||     2
       Flail             |       |    25 |       ||    25
       Battleaxe         |       |    46 |   125 ||   171
       Headbutt          |       |       |     6 ||     6
Invok: Berserk           |       |     1 |     2 ||     3
       Trog's Hand       |       |       |     1 ||     1
  Use: Scroll            |     3 |     5 |     2 ||    10
 Stab: Sleeping          |     1 |       |       ||     1
Armor: Animal skin       |    21 |       |       ||    21
       Leather armour    |     7 |       |       ||     7
       Plate armour      |     1 |   176 |   133 ||   310
Dodge: Dodged            |   118 |   108 |    70 ||   296

Table legend: (Time is in decaauts)
 A = Elapsed time spent in this place.
 B = Non-inter-level travel time spent in this place.
 C = Inter-level travel time spent in this place.
 D = Time resting spent in this place.
 E = Time spent auto-exploring this place.
 F = Levels seen in this place.
 G = Mean time per level.
                   A        B        C        D        E       F      G
               +--------+--------+--------+--------+--------+-----+--------+
         Total |   4651 |   4545 |    106 |    471 |   2956 |   6 |  775.2 |
       Dungeon |   4651 |   4545 |    106 |    471 |   2956 |   6 |  775.2 |
               +--------+--------+--------+--------+--------+-----+--------+

Top non-repeatable levels by time:
     D:1: 1544 daAuts
     D:4: 797 daAuts
     D:5: 681 daAuts
     D:2: 627 daAuts
     D:3: 616 daAuts
     D:6: 384 daAuts
